Map: Deathaura LE

Players

DPGRogue (Rogue)

  • Race: Zerg Zerg
  • Spawn Location: 11:00

Stats - Winner!

  • Race: Protoss Protoss
  • League: Grandmaster
  • Spawn Location: 5:00

Event: StayAtHome Story Cup #3

VOD

Have the link to the VOD?

Description

Time

  • Played on: March 14, 2021, 2:29 p.m.
  • Length: 13:16

All games in this series

Show
View Real Time Build Order
Export as new Build Order

DPGRogue Zerg 

Build Orders: Hatch First, Lurkers 

Get SALT Encoding   

  12  0:00  Drone  
  13  0:11  Overlord  
  13  0:16  Drone  
  14  0:30  Drone  
  15  0:43  Hatchery  
  15  0:47  Drone  
  15  0:50  Drone  
  15  0:55  Drone  
  17  0:58  Drone  
  18  1:09  Extractor  
  17  1:15  Spawning Pool  
  17  1:18  Drone  
  17  1:20  Drone  
  18  1:30  Drone  
  19  1:40  Drone  
  20  1:51  Overlord  
  20  2:01  Queen x2  
  20  2:02  Zergling x4  
  20  2:08  Drone  
  27  2:13  Drone  
  27  2:14  Metabolic Boost  
  28  2:19  Drone  
  29  2:24  Drone  
  29  2:28  Drone  
  31  2:36  Drone  
  32  2:42  Hatchery  
  31  2:47  Queen  
  33  2:54  Overlord  
  33  2:57  Drone x2  
  35  2:59  Drone  
  37  3:12  Drone  
  37  3:14  Drone x5  
  41  3:21  Overlord  
  41  3:23  Queen  
  43  3:29  Overlord  
  43  3:32  Spore Crawler  
  42  3:36  Zergling x2  
  44  3:41  Drone x2  
  44  3:42  Zergling x4  
  44  3:48  Drone x2  
  49  3:50  Queen  
  51  3:58  Roach Warren  
  51  3:59  Drone x5  
  55  4:04  Drone  
  54  4:11  Drone x3  
  54  4:12  Spore Crawler  
  54  4:15  Drone x2  
  54  4:16  Drone  
  57  4:20  Drone  
  58  4:25  Zergling x4  
  58  4:26  Overlord  
  58  4:31  Lair  
  58  4:33  Drone  
  58  4:34  Drone  
  58  4:37  Zergling x4  
  58  4:38  Zergling x2  
  62  4:45  Drone  
  61  4:48  Drone x3  
  61  4:51  Spore Crawler  
  63  4:53  Extractor  
  63  4:55  Zergling x6, Spore Crawler  
  63  4:57  Zergling x4  
  66  5:02  Overlord  
  66  5:04  Zergling x10  
  66  5:06  Extractor  
  70  5:08  Extractor  
  70  5:10  Drone  
  70  5:19  Drone x3  
  70  5:20  Drone  
  68  5:23  Drone x2  
  68  5:24  Drone x2  
  68  5:26  Drone  
  68  5:32  Drone x2  
  70  5:36  Drone  
  70  5:37  Drone x3  
  70  5:39  Extractor  
  70  5:40  Extractor  
  72  5:45  Drone x2  
  72  5:48  Drone  
  74  5:52  Drone  
  74  5:55  Hatchery  
  74  5:57  Drone x4  
  75  6:00  Overseer  
  75  6:02  Overseer  
  75  6:03  Overlord x2  
  78  6:04  Drone  
  78  6:06  Glial Reconstitution  
  78  6:09  Drone  
  79  6:13  Drone, Evolution Chamber  
  79  6:14  Drone x3  
  79  6:18  Overlord  
  82  6:20  Overlord  
  82  6:24  Overlord  
  81  6:29  Roach x4  
  89  6:34  Drone  
  89  6:36  Roach x3  
  96  6:41  Zerg Missile Weapons Level 1  
  96  6:43  Drone x2  
  96  6:44  Drone x2  
  96  6:45  Roach  
  102  6:48  Overlord  
  102  6:50  Infestation Pit  
  102  6:52  Roach x2  
  105  6:54  Overlord  
  105  6:57  Drone x2  
  105  7:01  Drone x4  
  111  7:06  Ravager  
  111  7:07  Ravager x3  
  115  7:08  Pneumatized Carapace  
  115  7:09  Extractor  
  115  7:10  Drone x2  
  115  7:12  Extractor  
  115  7:19  Roach x4  
  115  7:20  Spore Crawler, Roach x2  
  115  7:22  Zergling x4  
  128  7:23  Zergling x2  
  128  7:24  Overseer  
  128  7:26  Zergling x2  
  128  7:28  Hive  
  130  7:30  Hydralisk Den  
  130  7:34  Zergling x10  
  134  7:42  Drone x6  
  134  7:43  Overlord  
  138  7:47  Overlord  
  138  7:51  Overlord  
  138  7:59  Overseer  
  138  8:00  Grooved Spines  
  138  8:01  Drone x2  
  138  8:02  Lurker Den  
  138  8:03  Overlord  
  138  8:05  Drone x2  
  141  8:12  Hydralisk x6  
  143  8:13  Evolution Chamber  
  143  8:16  Drone  
  153  8:21  Overlord  
  153  8:30  Hydralisk x7  
  153  8:33  Overlord x2  
  166  8:38  Hatchery  
  164  8:42  Viper x2  
  164  8:43  Viper  
  164  8:46  Zerg Missile Weapons Level 2  
  173  8:54  Overlord  
  172  8:59  Seismic Spines  
  172  9:02  Lurker x3  
  177  9:03  Lurker x2  
  177  9:04  Drone x3  
  177  9:07  Spine Crawler  
  177  9:08  Spine Crawler  
  177  9:09  Spine Crawler  
  177  9:10  Zerg Ground Armor Level 1  
  177  9:12  Overseer  
  177  9:15  Lurker  
  178  9:19  Hydralisk x3  
  178  9:24  Spine Crawler  
  183  9:26  Hydralisk x3  
  183  9:27  Overlord  
  183  9:29  Overlord  
  189  9:36  Lurker x2  
  191  9:43  Overlord  
  190  9:50  Overlord  
  190  9:51  Hydralisk  
  190  9:56  Overlord  
  190  9:57  Overlord  
  189  10:02  Hydralisk x5  
  189  10:03  Overlord  
  189  10:06  Overlord  
  196  10:07  Overseer  
  196  10:11  Lurker x3  
  199  10:17  Overlord  
  199  10:31  Hydralisk, Lurker  
  199  10:32  Hydralisk  
  195  10:40  Hydralisk  
  195  10:41  Hydralisk x9  
  197  10:49  Muscular Augments  
  185  10:51  Zergling x28  
  185  10:53  Hydralisk  
  197  11:02  Hydralisk x5  
  196  11:04  Zergling x4  
  196  11:05  Zergling x2  
  196  11:10  Hydralisk  
  196  11:11  Hydralisk x3  
  185  11:14  Hydralisk  
  185  11:15  Zergling x2  
  185  11:16  Zergling x8  
  188  11:20  Hydralisk x2  
  185  11:29  Hydralisk x2  
  189  11:33  Zergling x2  
  189  11:34  Zergling x6  
  189  11:36  Extractor x2, Hatchery  
  189  11:39  Adaptive Talons  
  183  11:40  Zergling x2  
  183  11:41  Zergling x4  
  177  11:48  Hydralisk x3  
  180  11:58  Hydralisk x3  
  180  12:00  Zergling x2  
  186  12:03  Hydralisk  
  186  12:05  Zergling x2  
  186  12:06  Hydralisk  
  186  12:07  Zergling x2  
  179  12:10  Zergling x10  
  179  12:14  Lurker  
  179  12:15  Zergling x2  
  184  12:23  Lurker x2  
  184  12:24  Zergling x4  
  184  12:25  Zergling x14  
  195  12:30  Lurker  
  195  12:31  Zergling x8  
Show
View Real Time Build Order
Export as new Build Order

Stats Protoss - Winner!

Build Orders: 1 Gate Expand, Oracle Opening, Carriers 

Get SALT Encoding   

  12  0:00  Probe  
  13  0:12  Probe  
  14  0:18  Pylon  
  14  0:24  Probe  
  15  0:36  Probe (Chrono Boost)  
  15  0:42  Gateway  
  16  0:45  Probe (Chrono Boost)  
  16  0:48  Assimilator  
  17  0:51  Probe (Chrono Boost)  
  18  1:03  Probe  
  19  1:15  Probe  
  20  1:26  Nexus  
  20  1:35  Cybernetics Core  
  20  1:38  Probe  
  21  1:46  Assimilator  
  21  1:50  Probe  
  22  1:54  Pylon  
  22  2:02  Probe  
  23  2:10  Adept (Chrono Boost)  
  23  2:14  Probe  
  26  2:19  Stargate  
  26  2:26  Probe  
  27  2:30  Warp Gate  
  27  2:31  Adept (Chrono Boost)  
  29  2:38  Probe (Chrono Boost)  
  31  2:45  Probe (Chrono Boost)  
  31  2:48  Probe (Chrono Boost)  
  33  2:52  Probe (Chrono Boost)  
  33  2:53  Probe (Chrono Boost), Adept  
  36  3:03  Probe  
  37  3:07  Oracle (Chrono Boost)  
  37  3:09  Probe  
  41  3:14  Pylon  
  41  3:15  Probe  
  42  3:21  Probe  
  43  3:27  Probe  
  43  3:29  Gateway  
  43  3:34  Probe, Oracle (Chrono Boost)  
  45  3:39  Probe  
  49  3:46  Probe  
  49  3:47  Pylon  
  50  3:51  Probe  
  51  3:58  Probe  
  51  4:02  Nexus  
  52  4:03  Pylon  
  52  4:06  Oracle  
  52  4:07  Probe  
  56  4:19  Adept  
  56  4:24  Adept  
  61  4:31  Probe x2  
  61  4:33  Assimilator  
  61  4:34  Pylon, Assimilator  
  62  4:43  Probe x2, Adept  
  62  4:44  Adept  
  68  4:52  Forge  
  68  4:54  Twilight Council  
  68  4:55  Probe x2  
  70  5:01  Pylon  
  70  5:05  Adept x2  
  74  5:07  Probe x2  
  76  5:20  Probe x2 (Chrono Boost)  
  78  5:24  Probe (Chrono Boost), Blink  
  78  5:27  Sentry x2  
  71  5:28  Protoss Ground Weapons Level 1 (Chrono Boost)  
  71  5:32  Probe x2 (Chrono Boost)  
  74  5:36  Probe (Chrono Boost)  
  74  5:40  Probe x2 (Chrono Boost)  
  74  5:41  Probe (Chrono Boost)  
  77  5:44  Shield Battery  
  77  5:46  Probe x2  
  79  5:50  Probe  
  79  5:51  Sentry  
  79  5:52  Sentry  
  79  5:55  Phoenix x2  
  82  5:58  Gateway  
  82  6:00  Probe x2 (Chrono Boost), Gateway  
  82  6:02  Probe (Chrono Boost), Robotics Facility  
  85  6:05  Pylon  
  85  6:08  Assimilator  
  85  6:10  Gateway, Assimilator  
  87  6:12  Gateway  
  87  6:14  Probe (Chrono Boost)  
  87  6:15  Probe x2 (Chrono Boost)  
  87  6:17  Pylon  
  88  6:22  Probe x2  
  90  6:28  Gateway  
  90  6:29  Gateway  
  90  6:30  Photon Cannon  
  90  6:44  Stalker x2  
  90  6:46  Warp Prism (Chrono Boost)  
  94  6:49  Pylon  
  96  6:59  Pylon  
  96  7:01  Pylon  
  96  7:02  Robotics Facility  
  96  7:05  Robotics Bay  
  96  7:08  Stalker x5  
  102  7:09  Stalker  
  102  7:11  Photon Cannon  
  102  7:12  Probe  
  102  7:13  Probe x2  
  102  7:14  Observer  
  112  7:29  Nexus  
  112  7:31  Pylon  
  112  7:41  Protoss Ground Weapons Level 2  
  112  7:44  Probe x3  
  112  7:49  Stalker x4  
  112  7:50  Stalker x4  
  131  7:56  Probe x2, Charge  
  131  7:57  Probe  
  134  8:02  Shield Battery  
  134  8:04  Shield Battery  
  134  8:08  Probe  
  134  8:09  Probe x2, Templar Archives  
  137  8:14  Assimilator  
  137  8:20  Probe, Pylon x2  
  137  8:21  Probe x2  
  137  8:23  Pylon  
  140  8:29  Gravitic Drive  
  140  8:31  Protoss Air Weapons Level 1  
  140  8:32  Photon Cannon  
  140  8:33  Probe x3  
  143  8:45  Probe x3, Disruptor (Chrono Boost)  
  152  8:51  Disruptor (Chrono Boost)  
  152  8:53  Probe  
  152  8:55  Assimilator  
  153  8:56  Photon Cannon  
  153  8:57  Photon Cannon  
  153  8:59  Photon Cannon  
  153  9:00  Pylon  
  153  9:07  Zealot x4  
  161  9:14  Psionic Storm  
  161  9:15  Zealot x2  
  161  9:16  Zealot x2  
  169  9:22  Disruptor (Chrono Boost)  
  169  9:23  Disruptor (Chrono Boost)  
  175  9:28  High Templar x2, Stargate  
  175  9:29  High Templar  
  175  9:30  High Templar  
  183  9:40  Pylon  
  183  9:42  Fleet Beacon  
  175  10:03  Zealot x5  
  175  10:04  Zealot x3, Stargate  
  175  10:06  Stargate  
  185  10:42  Carrier (Chrono Boost)  
  185  10:49  Carrier (Chrono Boost)  
  171  11:06  Archon  
  171  11:07  Zealot x8  
  171  11:08  Archon  
  171  11:10  Carrier x2 (Chrono Boost)  
  175  11:31  Shield Battery  
  177  11:34  Photon Cannon, Zealot x2  
  177  11:35  Zealot x6  
  177  11:36  Photon Cannon  
  177  11:38  Photon Cannon, Carrier (Chrono Boost)  
  191  11:47  Carrier (Chrono Boost)  
  193  12:07  Carrier (Chrono Boost)  
  193  12:08  High Templar x3  
  199  12:09  High Templar  
  199  12:10  Carrier (Chrono Boost)  
  199  12:12  Warp Prism  
  199  12:13  Observer  
  196  12:24  Photon Cannon  
  196  12:25  Shield Battery  
  196  12:26  Shield Battery  
  196  12:31  Photon Cannon  
  196  12:33  Photon Cannon  
  185  13:05  Zealot x6  
Tags
 
Add a new tag
Caveats
  • Supply blocks, unpowered buildings, or Contaminate may cause inaccurate times.
  • Supply counts are checked every 10 seconds.